General information
- name: BNet
- type: Ladder team game (AT/RT)
- host: Battle.net
- saver: 12t634761278489
map: GolemsInTheMist
- players: 8
- length: 22:43
- speed: Fast
- version: 1.26 W3XP
- replay type: Public
» download(172 KB)
Players
team 1 (loser)

»
CuloPerro (
orange | 61 APM | 957 actions | 15:45)
3 Blood Mage
2 Flame Strike
1 Siphon Mana
2 Archmage
1 Blizzard
1 Brilliance Aura
» actions
| Build / train | 73 | |
| ESC pressed | 1 | |
| Enter build submenu | 19 | |
| Enter hero's abilities submenu | 5 | |
| Remove unit from queue | 2 | |
| Right click | 557 | |
| Select / deselect | 257 | |
| Use ability | 43 | |
957 total
» units
| Peasant | 14 | |
| Footman | 21 | |
| Archer | 9 | |
| Druid of the Claw | 1 | |
| Knight | 8 | |
53 total
» upgrades
| Defend | 1 | |
| Swords | 2 | |
| Plating | 1 | |
| Strength of the Moon | 2 | |
| Moon Armor | 1 | |
| Animal War Training | 1 | |
| Armor | 1 | |
9 total
» buildings
| Altar of Kings | 1 | |
| Farm | 8 | |
| Barracks | 2 | |
| Town Hall | 1 | |
| Keep | 1 | |
| Blacksmith | 1 | |
| Arcane Vault | 1 | |
| Lumber Mill | 1 | |
| Castle | 1 | |
| Ancient of Lore | 1 | |
| Gryphon Aviary | 3 | |
21 total
» build order
00:09 Altar of Kings
00:14 Farm
00:46 Farm
01:01 Barracks
01:48 Farm
02:32 Farm
03:20 Barracks
04:23 Town Hall
05:57 Keep
06:00 Blacksmith
06:33 Arcane Vault
07:37 Lumber Mill
08:15 Farm
08:16 Farm
08:52 Castle
10:02 Ancient of Lore
14:19 Gryphon Aviary
14:20 Gryphon Aviary
14:21 Gryphon Aviary
14:35 Farm
14:37 Farm
starsunited (
teal | 53 APM | 324 actions | 06:08)
1 Priestess of the Moon
1 Scout
» actions
| Assign group hotkey | 10 | |
| Build / train | 26 | |
| Enter build submenu | 8 | |
| Enter hero's abilities submenu | 1 | |
| Remove unit from queue | 1 | |
| Right click | 172 | |
| Select / deselect | 63 | |
| Select group hotkey | 34 | |
| Use ability | 9 | |
324 total
» units
» buildings
| Moon Well | 4 | |
| Altar of Elders | 1 | |
| Ancient of War | 3 | |
8 total
» build order
00:22 Moon Well
00:35 Altar of Elders
01:18 Moon Well
01:55 Ancient of War
01:56 Ancient of War
02:03 Ancient of War
02:21 Moon Well
03:26 Moon Well
level3atleast (
blue | 111 APM | 1792 actions | 16:06)
3 Death Knight
2 Death Coil
1 Unholy Aura
2 Priestess of the Moon
2 Trueshot Aura
1 Lich
1 Frost Nova
1 Blood Mage
1 Siphon Mana
» actions
| Assign group hotkey | 60 | |
| Basic commands | 1 | |
| Build / train | 65 | |
| ESC pressed | 4 | |
| Enter build submenu | 25 | |
| Enter hero's abilities submenu | 7 | |
| Remove unit from queue | 3 | |
| Right click | 539 | |
| Select / deselect | 472 | |
| Select group hotkey | 572 | |
| Use ability | 44 | |
1792 total
» units
| Acolyte | 3 | |
| Ghoul | 13 | |
| Crypt Fiend | 6 | |
| Archer | 5 | |
| Gargoyle | 8 | |
| Dryad | 1 | |
| Obsidian Statue | 2 | |
38 total
» upgrades
| Improved Bows | 1 | |
| Web | 0 | |
| Burrow | 0 | |
| Abolish Magic | 1 | |
2 total
» buildings
| Altar of Darkness | 1 | |
| Ziggurat | 8 | |
| Crypt | 2 | |
| Tomb of Relics | 1 | |
| Graveyard | 1 | |
| Nerubian Tower | 1 | |
| Spirit Tower | 2 | |
| Hunter's Hall | 1 | |
| Tree of Ages | 1 | |
| Ancient Protector | 2 | |
| Halls of the Dead | 1 | |
| Ancient of Wonders | 1 | |
| Slaughterhouse | 1 | |
| Sacrificial Pit | 1 | |
24 total
» build order
00:12 Altar of Darkness
00:16 Ziggurat
00:37 Crypt
01:10 Tomb of Relics
01:37 Graveyard
01:47 Ziggurat
02:48 Nerubian Tower
03:28 Ziggurat
04:07 Ziggurat
05:09 Spirit Tower
06:41 Hunter's Hall
07:33 Tree of Ages
07:58 Ancient Protector
08:29 Ancient Protector
08:32 Halls of the Dead
10:26 Ziggurat
10:29 Ziggurat
11:50 Ancient of Wonders
12:00 Spirit Tower
12:02 Slaughterhouse
12:05 Sacrificial Pit
12:09 Crypt
14:13 Ziggurat
14:16 Ziggurat
» items
| Rod of Necromancy | 1 | |
| Dust of Appearance | 1 | |
| Potion of Healing | 1 | |
| Potion of Mana | 1 | |
4 total
ducati646 (
red | 23 APM | 521 actions | 22:43)
1 Blademaster
1 Wind Walk
1 Shadow Hunter
1 Hex
» actions
| Basic commands | 53 | |
| Build / train | 56 | |
| Enter build submenu | 22 | |
| Enter hero's abilities submenu | 2 | |
| Remove unit from queue | 1 | |
| Right click | 146 | |
| Select / deselect | 200 | |
| Use ability | 41 | |
521 total
» units
» upgrades
| Pillage | 1 | |
| Melee Weapons | 2 | |
| Armor | 1 | |
4 total
» buildings
| Altar of Storms | 1 | |
| Orc Burrow | 6 | |
| Barracks | 2 | |
| Voodoo Lounge | 1 | |
| War Mill | 1 | |
| Moon Well | 1 | |
| Stronghold | 1 | |
| Hunter's Hall | 1 | |
| Watch Tower | 2 | |
| Tree of Life | 3 | |
19 total
» build order
00:08 Altar of Storms
00:12 Orc Burrow
00:54 Orc Burrow
01:02 Orc Burrow
01:31 Barracks
01:58 Barracks
02:09 Orc Burrow
02:26 Voodoo Lounge
03:50 War Mill
05:10 Orc Burrow
06:37 Moon Well
06:56 Stronghold
07:33 Hunter's Hall
08:29 Orc Burrow
12:03 Watch Tower
12:04 Watch Tower
20:11 Tree of Life
20:23 Tree of Life
20:41 Tree of Life
» items
| Lesser Clarity Potion | 3 | |
| Scroll of Speed | 2 | |
| Healing Salve | 1 | |
| Potion of Healing | 2 | |
| Potion of Mana | 1 | |
9 total
team 2 (winner)

»
Grim.Death (
pink | 80 APM | 1811 actions | 22:43)
4 Warden
2 Fan of Knives
2 Blink
4 Keeper of the Grove
2 Entangling Roots
2 Force of Nature
» actions
| Assign group hotkey | 9 | |
| Basic commands | 58 | |
| Build / train | 65 | |
| Enter build submenu | 26 | |
| Enter hero's abilities submenu | 8 | |
| Remove unit from queue | 1 | |
| Right click | 1019 | |
| Select / deselect | 468 | |
| Select group hotkey | 48 | |
| Use ability | 109 | |
1811 total
» units
| Wisp | 14 | |
| Archer | 19 | |
| Hippogryph | 12 | |
45 total
» upgrades
| Hippogryph Taming | 1 | |
| Improved Bows | 1 | |
| Strength of the Moon | 3 | |
| Marksmanship | 1 | |
6 total
» buildings
| Altar of Elders | 1 | |
| Moon Well | 10 | |
| Ancient of War | 2 | |
| Hunter's Hall | 1 | |
| Ancient Protector | 1 | |
| Tree of Ages | 1 | |
| Ancient of Wind | 2 | |
| Tree of Eternity | 1 | |
| Ancient of Wonders | 1 | |
| Tree of Life | 1 | |
21 total
» build order
00:22 Altar of Elders
00:30 Moon Well
01:15 Ancient of War
01:28 Moon Well
02:38 Hunter's Hall
02:55 Moon Well
03:26 Moon Well
03:49 Ancient Protector
04:20 Tree of Ages
05:32 Moon Well
07:00 Ancient of Wind
07:04 Moon Well
07:36 Ancient of Wind
08:37 Moon Well
12:01 Ancient of War
12:05 Moon Well
12:10 Tree of Eternity
12:21 Ancient of Wonders
18:39 Tree of Life
19:55 Moon Well
21:02 Moon Well
» items
DaIdaI (
green | 94 APM | 2129 actions | 22:43)
8 Blood Mage
3 Flame Strike
3 Siphon Mana
1 Summon Phoenix
1 Banish
» actions
| Assign group hotkey | 22 | |
| Basic commands | 4 | |
| Build / train | 84 | |
| Enter build submenu | 27 | |
| Enter hero's abilities submenu | 8 | |
| Give item / drop item | 1 | |
| Right click | 1119 | |
| Select / deselect | 306 | |
| Select group hotkey | 406 | |
| Use ability | 152 | |
2129 total
» units
| Peasant | 15 | |
| Footman | 13 | |
| Goblin Shredder | 2 | |
| Rifleman | 2 | |
| Gryphon Rider | 4 | |
| Dragonhawk Rider | 1 | |
37 total
» upgrades
| Masonry | 3 | |
| Defend | 1 | |
| Storm Hammers | 1 | |
| Animal War Training | 1 | |
| Swords | 3 | |
| Long Rifles | 1 | |
| Cloud | 1 | |
| Gunpowder | 1 | |
12 total
» buildings
| Barracks | 2 | |
| Altar of Kings | 1 | |
| Farm | 15 | |
| Lumber Mill | 1 | |
| Scout Tower | 5 | |
| Arcane Tower | 2 | |
| Town Hall | 1 | |
| Guard Tower | 6 | |
| Keep | 2 | |
| Blacksmith | 1 | |
| Arcane Vault | 1 | |
| Castle | 2 | |
| Gryphon Aviary | 3 | |
42 total
» build order
00:19 Barracks
00:34 Altar of Kings
00:39 Farm
00:53 Farm
01:39 Farm
02:01 Lumber Mill
03:17 Scout Tower
03:32 Arcane Tower
03:56 Town Hall
05:02 Farm
05:13 Farm
05:42 Farm
06:05 Scout Tower
06:07 Scout Tower
06:36 Scout Tower
06:37 Scout Tower
06:39 Guard Tower
06:39 Guard Tower
06:40 Guard Tower
06:57 Barracks
07:08 Guard Tower
07:08 Guard Tower
07:09 Guard Tower
07:32 Keep
07:32 Keep
07:41 Blacksmith
08:33 Arcane Vault
09:54 Castle
09:54 Castle
10:10 Farm
10:10 Farm
10:11 Farm
10:36 Gryphon Aviary
10:37 Gryphon Aviary
10:40 Gryphon Aviary
12:06 Farm
12:06 Farm
12:06 Farm
» items
| Lesser Clarity Potion | 2 | |
| Dust of Appearance | 1 | |
| Scroll of Town Portal | 2 | |
| Potion of Mana | 2 | |
| Rod of Necromancy | 1 | |
| Orb of Corruption | 1 | |
| Scroll of Healing | 1 | |
| Potion of Healing | 1 | |
11 total
12t634761278489 (
yellow | 93 APM | 2113 actions | 22:43)
5 Crypt Lord
3 Carrion Beetles
2 Spiked Carapace
» actions
| Assign group hotkey | 36 | |
| Basic commands | 124 | |
| Build / train | 91 | |
| Enter build submenu | 14 | |
| Enter hero's abilities submenu | 5 | |
| Give item / drop item | 2 | |
| Remove unit from queue | 1 | |
| Right click | 983 | |
| Select / deselect | 394 | |
| Select group hotkey | 363 | |
| Use ability | 100 | |
2113 total
» units
| Acolyte | 7 | |
| Ghoul | 4 | |
| Crypt Fiend | 13 | |
| Goblin Shredder | 1 | |
| Gargoyle | 18 | |
| Goblin Sapper | 2 | |
45 total
» upgrades
| Creature Attack | 3 | |
| Creature Carapace | 3 | |
| Stone Form | 1 | |
| Backpack | 1 | |
8 total
» buildings
| Altar of Darkness | 1 | |
| Ziggurat | 9 | |
| Crypt | 2 | |
| Graveyard | 1 | |
| Tomb of Relics | 1 | |
| Nerubian Tower | 4 | |
| Spirit Tower | 12 | |
| Halls of the Dead | 6 | |
| Black Citadel | 1 | |
37 total
» build order
00:06 Altar of Darkness
00:08 Ziggurat
00:36 Crypt
00:59 Graveyard
01:20 Tomb of Relics
01:36 Ziggurat
02:03 Nerubian Tower
02:04 Nerubian Tower
03:09 Ziggurat
03:22 Spirit Tower
03:22 Spirit Tower
03:23 Spirit Tower
04:36 Halls of the Dead
04:37 Halls of the Dead
04:37 Halls of the Dead
04:37 Halls of the Dead
05:15 Spirit Tower
06:36 Ziggurat
06:57 Crypt
07:50 Spirit Tower
12:10 Black Citadel
18:30 Ziggurat
19:27 Ziggurat
20:14 Ziggurat
20:15 Ziggurat
20:16 Ziggurat
21:06 Spirit Tower
21:08 Spirit Tower
21:14 Spirit Tower
21:15 Spirit Tower
» items
| Rod of Necromancy | 1 | |
| Potion of Healing | 2 | |
| Scroll of Town Portal | 2 | |
| Scroll of Healing | 1 | |
6 total
scootmcgoot (
purple | 34 APM | 773 actions | 22:43)
5 Demon Hunter
3 Mana Burn
2 Evasion
4 Keeper of the Grove
2 Entangling Roots
2 Thorns Aura
» actions
| Basic commands | 7 | |
| Build / train | 59 | |
| ESC pressed | 1 | |
| Enter build submenu | 15 | |
| Enter hero's abilities submenu | 9 | |
| Right click | 359 | |
| Select / deselect | 251 | |
| Use ability | 72 | |
773 total
» units
| Wisp | 15 | |
| Archer | 2 | |
| Huntress | 4 | |
| Druid of the Claw | 12 | |
33 total
» upgrades
| Ultravision | 1 | |
| Druid of the Claw Training | 2 | |
| Strength of the Wild | 3 | |
| Mark of the Claw | 1 | |
| Reinforced Hides | 2 | |
9 total
» buildings
| Altar of Elders | 1 | |
| Moon Well | 7 | |
| Ancient of Wonders | 1 | |
| Ancient of War | 1 | |
| Hunter's Hall | 1 | |
| Tree of Ages | 1 | |
| Ancient of Lore | 3 | |
| Tree of Eternity | 1 | |
| Tree of Life | 1 | |
17 total
» build order
00:09 Altar of Elders
00:13 Moon Well
00:21 Ancient of Wonders
01:19 Ancient of War
01:51 Moon Well
02:22 Hunter's Hall
03:38 Tree of Ages
05:02 Moon Well
06:15 Moon Well
07:42 Ancient of Lore
07:57 Ancient of Lore
08:36 Tree of Eternity
10:06 Moon Well
16:38 Ancient of Lore
19:04 Moon Well
20:02 Moon Well
22:13 Tree of Life
» items
| Lesser Clarity Potion | 2 | |
| Potion of Healing | 1 | |
| Scroll of Town Portal | 1 | |
4 total
Chat log
(00:15 / All) 12t634761278489: oh great, Golems in the Mist
(04:35 / All) DaIdaI: noob ahhaah
(05:09 / Allies) scootmcgoot: hlp
(05:17 / Allies) 12t634761278489: tp
(05:19 / Allies) DaIdaI: tp
(06:04 / Allies) 12t634761278489: gj
(06:08 / All) 12t634761278489: this is a strategy game
(06:09 / All) 12t634761278489: not Soul Calibur
(06:29 / Allies) 12t634761278489: counter?
(07:24 / Allies) scootmcgoot: b
(07:25 / Allies) scootmcgoot: b
(07:25 / Allies) scootmcgoot: b
(07:25 / Allies) scootmcgoot: b
(07:26 / Allies) scootmcgoot: b
(08:23 / Allies) scootmcgoot: gogogo
(08:32 / Allies) scootmcgoot: gogogo
(08:58 / Allies) scootmcgoot: gogog
(10:29 / Allies) 12t634761278489: tp
(11:10 / Allies) 12t634761278489: why do you keep flame striking our own stuff
(11:29 / All) DaIdaI: GG LOSERS
(11:34 / All) 12t634761278489: get out rushing retards
(12:55 / All) DaIdaI: raped red
(13:00 / All) 12t634761278489: get out rushing fuckwit
(13:09 / All) ducati646: Damn you guys are sooo tough
(13:12 / All) ducati646: such tough talkers
(13:18 / All) 12t634761278489: this is a STRATEGTY game
(13:19 / All) ducati646: internet tough guys
(13:20 / All) 12t634761278489: go play call of duty
(13:22 / All) 12t634761278489: this is not a rush game
(13:23 / All) DaIdaI: fail orange lol
(13:25 / All) 12t634761278489: you fucking retard
(13:25 / All) scootmcgoot: gg
(13:27 / All) scootmcgoot: leave oj
(13:27 / All) 12t634761278489: GG
(13:28 / All) 12t634761278489: get out
(13:29 / All) 12t634761278489: get
(13:30 / All) 12t634761278489: the
(13:31 / All) 12t634761278489: fuck
(13:32 / All) 12t634761278489: out
(13:35 / All) ducati646: oooo you get big internet balls dont you
(13:35 / All) 12t634761278489: the
(13:35 / All) 12t634761278489: fuck
(13:36 / All) scootmcgoot: fuck you
(13:38 / All) ducati646: no now I will not
(13:45 / All) 12t634761278489: you are 55-58 red you are awful
(13:46 / All) ducati646: I will stay as long as possible now, and you can kiss my ass
(13:51 / All) ducati646: I will enjoy wasting your day
(13:53 / All) 12t634761278489: OK buddy
(13:55 / All) ducati646: internet tough guy
(13:58 / All) ducati646: BIg balls
(13:59 / All) 12t634761278489: 'wasting my day' lol
(14:02 / All) ducati646: yup
(14:05 / All) ducati646: enjoy fucktard
(14:21 / All) 12t634761278489: not being wasted at all, I'm enjoying every second of this
(14:23 / All) ducati646: btw a rush is a strategy dumbass
(14:27 / All) ducati646: that a bit over your head?
(14:30 / All) 12t634761278489: no, it's a peabrain strat for morons like you
(14:41 / All) ducati646: really? you mean to tell me it never works?
(14:46 / All) 12t634761278489: yes
(14:48 / All) ducati646: you must really suck at it
(14:48 / All) 12t634761278489: against anyone good
(15:18 / All) scootmcgoot: lol gg
(15:28 / All) 12t634761278489: gg
(15:33 / All) 12t634761278489: get out dumbfuck shit rushers
(15:41 / All) ducati646: no thanks
(15:46 / All) ducati646: I will enjoy watching this
(15:47 / All) DaIdaI: gg
(15:51 / All) 12t634761278489: not you, your other shitty team members
(16:06 / All) ducati646: interet tough guy.. dum dum dum
(16:10 / All) ducati646: I made a little song for you
(16:15 / All) 12t634761278489: c00l story br0
(16:19 / All) ducati646: I have big balls, in my moms basement
(16:25 / All) ducati646: I have internet toughguy big balls
(16:30 / All) 12t634761278489: lol
(16:30 / All) ducati646: i Talk smalk
(16:34 / All) ducati646: cause I don't get any ass
(16:39 / All) ducati646: I'm an internet tough guy
(16:39 / All) 12t634761278489: you're a faggot too?
(16:41 / All) 12t634761278489: "get any ass"
(16:47 / All) ducati646: ass
(16:48 / All) scootmcgoot: im a fag
(16:52 / All) ducati646: yes, that is what a woman can give you
(16:58 / All) ducati646: not familiar with it I take it?
(17:00 / All) 12t634761278489: if you're into that kind of nasty shit
(17:02 / All) ducati646: some day you will
(17:06 / All) 12t634761278489: you take it up the ass from girls?
(17:08 / All) scootmcgoot: leave
(17:12 / All) ducati646: no I will not leave
(17:13 / All) scootmcgoot: no from guys
(17:15 / All) scootmcgoot: duh lol
(17:16 / All) ducati646: suck it
(17:22 / All) 12t634761278489: you sound pissed
(17:23 / All) ducati646: now I stay
(17:28 / All) 12t634761278489: c00l hf bro
(17:36 / All) ducati646: no not pissed, your just a homo retard
(17:39 / Allies) scootmcgoot: green many foots in my base
(17:40 / All) ducati646: and you can suck it
(17:48 / All) 12t634761278489: you admitted you take it up the ass red, you're the homo not me
(17:49 / All) scootmcgoot: i do
(17:59 / All) ducati646: lol you 12?
(18:10 / Allies) scootmcgoot: green get your footmen out of my base plz
(18:10 / All) ducati646: seriously, you can't be older than 12
(18:17 / All) ducati646: or you are retarded for your age
(18:31 / All) DaIdaI: its just a game ....calm down
(18:31 / All) ducati646: you have alot to learn about life
(18:36 / Allies) scootmcgoot: k youve been warned
(18:41 / Allies) 12t634761278489: ?
(18:44 / All) ducati646: nope, I don't like internet tough guys
(19:20 / All) 12t634761278489: 3 expos vs 0 it's already over, just leave
(19:35 / All) ducati646: lol, I would have left looong ago, if you werent such an ass
(19:39 / All) ducati646: so suck it
(19:40 / All) 12t634761278489: c00l
(19:45 / All) 12t634761278489: I'm having fun raping face right now
(19:50 / All) ducati646: oh its very cool
(19:55 / All) 12t634761278489: ya
(19:58 / All) ducati646: raping face? lol, you are stupid
(20:04 / All) 12t634761278489: it's called fellatio
(20:06 / All) 12t634761278489: moron
(20:34 / All) ducati646: is that what they call it in the gay bath houses these days?
(20:45 / All) 12t634761278489: it's Latin for "to suck cock" you catamite pleb
(21:07 / All) ducati646: intent, tough guy
(21:10 / All) ducati646: dum dum da dum
(21:12 / All) scootmcgoot: lmfao
(21:14 / All) 12t634761278489: I am very intentful
(21:17 / All) ducati646: wasting your time, kiss my ass
(21:19 / All) ducati646: dum dum dum
(21:23 / All) 12t634761278489: not being wasted, it's well spent
(21:26 / All) 12t634761278489: you're very visibly pissed
(21:27 / All) ducati646: lol
(21:32 / All) ducati646: I am, so?
(21:34 / All) ducati646: suck it
(21:39 / All) 12t634761278489: I will upload the replay to highperch so all can laugh at you
(21:48 / All) DaIdaI: gg red
(21:48 / All) 12t634761278489: your family name is disgraced
(21:52 / All) ducati646: I don't know what that is, and I don't care what that is, it means nothing to me
(21:58 / All) 12t634761278489: highper.ch, the #1 replay site
(22:03 / All) ducati646: you obviously are a tool and a nerd cause you do
(22:12 / All) ducati646: and it really doesnt' matter to me what they think,
(22:16 / All) ducati646: so please, waste your time posting that
(22:17 / All) 12t634761278489: you are 55-59 please don't talk back to me
(22:23 / All) ducati646: I just spent more of your time
(22:28 / All) ducati646: post it, please do
(22:29 / All) scootmcgoot: i hav e the best icon for NE
(22:39 / All) ducati646: good bye
(22:39 / All) scootmcgoot: 1500 wins and what?
(22:39 / All) ducati646: fag
(22:41 / All) 12t634761278489: lol